 Dungeon Crawl Stone Soup version 0.29.1-15-g9cfb28693d (webtiles) character file.

Game seed: 12767361341567450023

75931 KamiKatze the Eclecticist (level 15, -3/85 HPs)
             Began as a Deep Elf Conjurer on Apr 17, 2023.
             Was a High Priest of Vehumet.
             Succumbed to Nessos's poison
             ... on level 12 of the Dungeon on Apr 18, 2023.
             The game lasted 01:36:05 (24615 turns).

KamiKatze the Eclecticist (Deep Elf Conjurer)      Turns: 24615, Time: 01:36:06

Health: -3/85      AC: 11    Str:  4    XL:     15   Next: 11%
Magic:  13/38      EV: 14    Int: 31    God:    Vehumet [*****.]
Gold:   1681       SH:  0    Dex: 13    Spells: 14/49 levels left

rFire   . . .      SeeInvis +   a - staff of air
rCold   + . .      Faith    .   (no shield)
rNeg    . . .      Spirit   .   I - +0 steam dragon scales
rPois   .          Reflect  .   E - +1 helmet
rElec   +          Harm     .   L - +0 cloak
rCorr   .          Rampage  .   u - +0 pair of gloves
Will    +....                   w - +1 pair of boots
Stlth   ++++......              q - amulet of the acrobat
HPRegen 0.24/turn               i - ring of protection from cold
MPRegen 0.26/turn               y - ring of see invisible

@: lethally poisoned (-3 -> -21)
A: no striking features
a: Renounce Religion


You were on level 12 of the Dungeon.
You worshipped Vehumet.
Vehumet was extremely pleased with you.
You visited 4 branches of the dungeon, and saw 20 of its levels.

You collected 1886 gold pieces.
You spent 205 gold pieces at shops.

Inventory:

Hand Weapons
 b - a +6 dagger of venom
 V - a +4 demon whip of venom
Missiles
 H - 27 poisoned darts
 K - 6 datura-tipped darts
 R - a curare-tipped dart
 W - a throwing net
Armour
 u - a +0 pair of gloves (worn)
 w - a +1 pair of boots (worn)
 E - a +1 helmet (worn)
 I - +0 steam dragon scales (worn)
 L - a +0 cloak (worn)
Magical Staves
 a - a staff of air (weapon)
 d - a staff of death
 f - a staff of fire
Jewellery
 i - a ring of protection from cold (left hand)
 p - a ring of fire
 q - an amulet of the acrobat (around neck)
 y - a ring of see invisible (right hand)
 N - a ring of protection from cold
Wands
 r - a wand of digging (4)
 s - a wand of mindburst (7)
 t - a wand of polymorph (4)
 F - a wand of flame (39)
 G - a wand of quicksilver (14)
 X - a wand of charming (3)
 Y - a wand of roots (6)
Scrolls
 l - 3 scrolls of magic mapping
 o - 5 scrolls of vulnerability
 x - 3 scrolls of teleportation
 z - 5 scrolls of fog
 A - 2 scrolls of immolation
 C - a scroll of amnesia {unknown}
 J - a scroll of fear {unknown}
 O - a scroll of torment {unknown}
 P - 3 scrolls of poison
 Q - 5 scrolls of blinking
 T - a scroll of enchant weapon {unknown}
 U - 2 scrolls of summoning
Potions
 c - a potion of lignification
 e - 3 potions of attraction
 g - 2 potions of brilliance
 h - a potion of cancellation
 j - 6 potions of flight
 k - a potion of resistance
 m - a potion of berserk rage
 n - 7 potions of curing
 v - 2 potions of invisibility
 B - a potion of heal wounds
 D - a potion of ambrosia
 M - 5 potions of might
 S - 3 potions of haste


   Skills:
 + Level 6.8 Fighting
 - Level 2.0 Throwing
 - Level 6.0 Dodging
 - Level 9.0 Stealth
 * Level 17.6 Spellcasting
 * Level 15.5 Conjurations
 - Level 10.0 Hexes
 - Level 10.0 Translocations
 * Level 5.4 Air Magic
 * Level 9.4 Earth Magic
 - Level 2.0 Evocations


You had 14 spell levels left.
You knew the following spells:

 Your Spells              Type           Power      Damage    Failure   Level
a - Magic Dart            Conj           100%       1d8       0%          1
b - Searing Ray           Conj           100%       2d8       0%          2
c - Fulminant Prism       Conj/Hex       41%        3d20      1%          4
d - Iskenderun's Mystic   Conj/Tloc      82%        2d16      1%          4
e - Lee's Rapid Deconstr  Erth           36%        3d19*     1%          5
f - Iron Shot             Conj/Erth      40%        9d8       1%          6
h - Orb of Destruction    Conj           44%        9d12      1%          7
l - Conjure Ball Lightni  Conj/Air       47%        3x3d16    1%          6

Your spell library contained the following spells:

 Spells                   Type           Power      Damage    Failure   Level
 Eringya's Noxious Bog    Tmut/Pois      13%        N/A       50%         6
 Apportation              Tloc           100%       N/A       1%          1
 Necrotise                Necr           100%       1d9       1%          1
 Sting                    Tmut/Pois      100%       1d8       1%          1
 Summon Small Mammal      Summ           100%       N/A       1%          1
 Poisonous Vapours        Pois/Air       100%       N/A       1%          2
 Static Discharge         Conj/Air       95%        3-15/arc  1%          2
 Dazzling Flash           Conj/Hex       100%       N/A       1%          3
 Inner Flame              Hex/Fire       55%        N/A       1%          3
 Mephitic Cloud           Conj/Pois/Air  82%        N/A       1%          3
 Stone Arrow              Conj/Erth      100%       3d13      1%          3
 Cause Fear               Hex            36%        N/A       1%          4
 Hailstorm                Conj/Ice       66%        3d14      1%          4
 Sticky Flame             Conj/Fire      66%        2d8       1%          4
 Fireball                 Conj/Fire      33%        3d14      1%          5
 Iskenderun's Battlesphe  Conj           89%        2d14      1%          5
 Animate Armour           Summ/Erth      100%       N/A       2%          4
 Ozocubu's Armour         Ice            27%        N/A       4%          3
 Olgreb's Toxic Radiance  Pois           27%        N/A       4%          4
 Metabolic Englaciation   Hex/Ice        27%        N/A       5%          5
 Summon Forest            Summ/Tloc      27%        N/A       5%          5
 Summon Mana Viper        Hex/Summ       55%        N/A       5%          5
 Corpse Rot               Necr/Pois/Air  55%        N/A       7%          4
 Dispel Undead            Necr           27%        3d13      16%         4
 Ice Form                 Ice/Tmut       27%        N/A       16%         4
 Blade Hands              Tmut           13%        N/A       38%         5
 Discord                  Hex            36%        N/A       86%         8
 Death Channel            Necr           13%        N/A       93%         6
 Simulacrum               Ice/Necr       13%        N/A       93%         6
 Summon Cactus Giant      Summ           13%        N/A       93%         6


Dungeon Overview and Level Annotations

Branches:
Dungeon (12/15)            Temple (1/1) D:6            Lair (5/5) D:9
  Swamp (0/4) Lair:3        Snake (0/4) Lair:3        Slime (0/5) Lair:5
    Orc (2/2) D:9             Elf (0/3) Orc:2

Altars:
Ashenzari
Cheibriados
Dithmenos
Elyvilon
Fedhas
Gozag
Hepliaklqana
Kikubaaqudgha
Makhleb
Nemelex Xobeh
Okawaru
Qazlal
Ru
Sif Muna
Trog
Uskayaw
Vehumet
Wu Jian
Xom
Yredelemnul
Zin
The Shining One
Jiyva

Shops:
D:1 *   D:7 !:   Orc:2 =!!=

Annotations:
D:10 1 runed translucent door, exclusion: door
Lair:2 2 transporters


Message History

A rock wall.
The wall shatters!
The blast of rock fragments hits Nessos but does no damage.
Nessos is almost dead.
You feel very sick.
Nessos shoots an arrow.
The arrow hits you!
* * * LOW HITPOINT WARNING * * *
The arrow burns you.
You are lethally poisoned!
* * * LOW HITPOINT WARNING * * *
Nessos gestures wildly while chanting.
Nessos blinks!
Nessos shoots an arrow.
The arrow barely misses you.
Casting: Lee's Rapid Deconstruction (mildly dangerous; 1% risk of failure)
Confirm with . or Enter, or press ? or * to list all spells.
Aiming: Lee's Rapid Deconstruction (mildly dangerous; 1% risk of failure)
Press: ? - help, Dir - move target A rock wall.
The wall shatters!
The blast of rock fragments hits Nessos!
Nessos is almost dead.
* * * LOW HITPOINT WARNING * * *
You feel very sick.
You hear a bellow! x2; You hear an angry buzzing noise.
Nessos shoots an arrow.
The arrow hits you!
* * * LOW HITPOINT WARNING * * *
The arrow burns you.
* * * LOW HITPOINT WARNING * * *
Nessos casts a spell.
Nessos blinks!
Casting: Lee's Rapid Deconstruction (mildly dangerous; 1% risk of failure)
Confirm with . or Enter, or press ? or * to list all spells.
Aiming: Lee's Rapid Deconstruction (mildly dangerous; 1% risk of failure)
Press: ? - help, Dir - move target A rock wall.
The wall shatters!
The blast of rock fragments hits Nessos!!
You kill Nessos!
Vehumet accepts your kill.
You feel your power returning.
You die...

#.# ...# ...
####.##..#### ..#
#....<....... #.#
....##.....####
#.# .## ##..#.#
#.# #..#?# #.###
..##. ###<..##
#.##. ####......#
#.#..###..@.######
#..§.....####
....#)###### . ..
..§ ../ c/ .


There were no monsters in sight!

Vanquished Creatures
  Nessos (D:12)
  8 hydras
  2 boulder beetles
  Harold (D:11)
  2 centaur warriors (D:11)
  4 ogre magi (Orc:2)
  2 catoblepae
  20 two-headed ogres
  A deep troll shaman (Lair:5)
  5 death yaks (Lair:5)
  2 lindwurms (Lair:5)
  2 orc knights
  A will-o-the-wisp (Lair:3)
  An orc sorcerer (Orc:2)
  6 cyclopes
  12 elephants
  4 black mambas
  9 cane toads
  2 gargoyles (D:11)
  4 kobold demonologists
  4 unseen horrors
  3 rime drakes
  8 komodo dragons
  2 trolls (D:11)
  A meliai (D:11)
  2 polar bears
  19 blink frogs
  A hornet (D:8)
  4 dream sheep (Lair:4)
  2 shadows
  A wraith (D:11)
  57 yaks
  Eustachio (D:5)
  2 steam dragons
  8 wyverns
  5 basilisks
  Grum (D:11)
  2 vampire mosquitoes (D:11)
  A warg (Orc:1)
  An acid dragon (D:11)
  15 water moccasins
  Duvessa (D:5)
  19 orc warriors
  5 black bears
  A sky beast (D:7)
  29 wolves
  27 ogres
  12 centaurs
  A phantom (D:6)
  3 kobold brigands
  10 bullfrogs
  5 necrophages
  A gnoll sergeant (D:11)
  6 scorpions
  8 wights (D:9)
  Dowan (D:5)
  12 killer bees
  5 electric eels
  6 howler monkeys
  5 hounds
  A jelly (Lair:5)
  Crazy Yiuf (D:5)
  17 orc priests
  Jessica (D:3)
  A gnoll bouda (D:7)
  7 iguanas
  20 orc wizards
  Robin (D:3)
  9 adders
  16 gnolls
  2 white imps
  A worm (D:2)
  4 dart slugs
  61 orcs
  7 bats
  6 endoplasms
  A giant cockroach (D:4)
  19 goblins
  6 hobgoblins
  2 jackals (D:3)
  14 kobolds
  2 quokkas (D:1)
  10 ball pythons
  3 frilled lizards
  3 rats
601 creatures vanquished.

Vanquished Creatures (collateral kills)
  4 ball lightnings
4 creatures vanquished.

Vanquished Creatures (others)
  87 ball lightnings
  2 foxfires (Lair:3)
  262 fulminant prisms
  51 fungi
  61 plants
463 creatures vanquished.

Grand Total: 1068 creatures vanquished

Notes
Turn   | Place    | Note
-------+----------+-------------------------------------------
     0 | D:1      | KamiKatze the Deep Elf Conjurer began the quest for the
                  | Orb.
     0 | D:1      | Reached XP level 1. HP: 10/10 MP: 6/6
   349 | D:1      | Found Siguasm's General Store.
   359 | D:1      | Reached XP level 2. HP: 15/15 MP: 5/8
   362 | D:1      | Learned a level 2 spell: Searing Ray
   419 | D:1      | Found a faded altar of an unknown god.
  1049 | D:2      | Reached XP level 3. HP: 19/19 MP: 5/9
  1055 | D:2      | Reached skill level 1 in Hexes
  1055 | D:2      | Reached skill level 1 in Translocations
  1576 | D:2      | Reached skill level 1 in Evocations
  1773 | D:2      | Reached skill level 1 in Throwing
  1987 | D:3      | Reached XP level 4. HP: 24/24 MP: 11/11
  1993 | D:3      | Learned a level 4 spell: Fulminant Prism
  2130 | D:3      | Noticed Jessica
  2134 | D:3      | Killed Jessica
  2285 | D:3      | Noticed Robin
  2314 | D:3      | Killed Robin
  2340 | D:3      | Reached XP level 5. HP: 20/28 MP: 6/12
  2790 | D:3      | Learned a level 4 spell: Iskenderun's Mystic Blast
  2836 | D:3      | Reached skill level 4 in Spellcasting
  2836 | D:3      | Reached skill level 5 in Conjurations
  3071 | D:3      | Found a faded altar of an unknown god.
  3073 | D:3      | Found a hazy altar of Hepliaklqana.
  3184 | D:4      | Found a shimmering blue altar of Sif Muna.
  3251 | D:4      | Found a shadowy altar of Dithmenos.
  3450 | D:4      | Reached XP level 6. HP: 32/32 MP: 9/14
  3890 | D:4      | Reached skill level 5 in Spellcasting
  3890 | D:4      | Reached XP level 7. HP: 36/36 MP: 7/16
  4480 | D:1      | Bought a scroll of identify for 24 gold pieces
  4480 | D:1      | Bought a potion of ambrosia for 96 gold pieces
  4599 | D:5      | Entered Level 5 of the Dungeon
  4681 | D:5      | Noticed Eustachio
  4715 | D:5      | Reached skill level 6 in Spellcasting
  4790 | D:5      | Reached skill level 5 in Hexes
  5077 | D:5      | Noticed Duvessa
  5124 | D:5      | Reached XP level 8. HP: 41/41 MP: 15/19
  5148 | D:5      | Killed Duvessa
  5202 | D:5      | Noticed Dowan
  5372 | D:5      | Killed Dowan
  5567 | D:5      | Found a runed translucent door.
  5568 | D:5      | Noticed Crazy Yiuf
  5576 | D:5      | Killed Crazy Yiuf
  5714 | D:5      | Found an ornate altar of the Wu Jian Council.
  5905 | D:5      | Killed Eustachio
  5906 | D:5      | Reached skill level 5 in Translocations
  6176 | D:6      | Reached skill level 7 in Spellcasting
  6606 | D:6      | Reached XP level 9. HP: 40/45 MP: 11/22
  6750 | D:6      | Reached skill level 8 in Spellcasting
  7077 | D:6      | Found a staircase to the Ecumenical Temple.
  7151 | Temple   | Entered the Ecumenical Temple
  7403 | Temple   | Became a worshipper of Vehumet
  7573 | D:6      | Found a stormy altar of Qazlal.
  7763 | D:6      | Found a glowing silver altar of Zin.
  8338 | D:7      | Found Raigguuv's Book Boutique.
  8685 | D:7      | Found Xath's Distillery.
  8701 | D:7      | Noticed a two-headed ogre
  8710 | D:7      | Killed a two-headed ogre
  8711 | D:7      | Reached skill level 9 in Spellcasting
  8716 | D:7      | Noticed a five-headed hydra
  8753 | D:7      | Noticed a komodo dragon
  8766 | D:7      | Killed a komodo dragon
  8878 | D:7      | Noticed an unseen horror
  8888 | D:7      | Killed an unseen horror
  8889 | D:7      | Reached XP level 10. HP: 44/50 MP: 20/25
  8920 | D:7      | Reached * piety under Vehumet
  8920 | D:7      | Offered knowledge of Foxfire by Vehumet.
  9424 | D:7      | Killed a five-headed hydra
  9425 | D:7      | Reached skill level 10 in Spellcasting
  9570 | D:8      | Identified the +1 dagger of Ovarabb Qyam {antimagic, rN+}
 10600 | D:9      | Reached skill level 1 in Fighting
 10703 | D:9      | Noticed a two-headed ogre
 10716 | D:9      | Killed a two-headed ogre
 10717 | D:9      | Reached skill level 10 in Hexes
 10899 | D:9      | Found a shimmering altar of Xom.
 10899 | D:9      | Found a broken altar of Ashenzari.
 10900 | D:9      | Found a burning altar of Makhleb.
 11056 | D:9      | Found a white marble altar of Elyvilon.
 11330 | D:9      | Found a staircase to the Orcish Mines.
 11361 | D:9      | Reached skill level 10 in Conjurations
 11368 | D:9      | Reached skill level 11 in Spellcasting
 11368 | D:9      | Reached XP level 11. HP: 56/56 MP: 7/28
 11570 | D:9      | Found a staircase to the Lair.
 11740 | D:10     | Entered Level 10 of the Dungeon
 11777 | D:10     | Found a runed translucent door.
 11777 | D:10     | Noticed a fire crab
 11781 | D:10     | Reached ** piety under Vehumet
 11802 | D:10     | Offered knowledge of Sandblast by Vehumet.
 12236 | D:10     | Reached skill level 5 in Dodging
 12516 | D:10     | Reached skill level 5 in Stealth
 12601 | Lair:1   | Entered Level 1 of the Lair of Beasts
 12606 | Lair:1   | Offered knowledge of Conjure Flame by Vehumet.
 12741 | Lair:1   | Identified the +7 chain mail of Loimuhamm {rElec Will++
                  | rCorr Int-3}
 12850 | Lair:1   | Reached *** piety under Vehumet
 12970 | Lair:1   | Reached skill level 12 in Spellcasting
 13201 | Lair:1   | Reached skill level 10 in Translocations
 13915 | Lair:2   | Offered knowledge of Frozen Ramparts by Vehumet.
 13916 | Lair:2   | Reached XP level 12. HP: 64/64 MP: 22/30
 14233 | Lair:2   | Reached skill level 13 in Spellcasting
 14699 | Lair:2   | Found a transporter.
 14699 | Lair:2   | Noticed a boulder beetle
 14700 | Lair:2   | Found a transporter.
 14700 | Lair:2   | Noticed a boulder beetle
 14826 | Lair:2   | Reached **** piety under Vehumet
 15135 | Lair:3   | Reached skill level 14 in Spellcasting
 15190 | Lair:3   | Offered knowledge of Flame Wave by Vehumet.
 15219 | Lair:3   | Learned a level 6 spell: Iron Shot
 15251 | Lair:3   | Found a staircase to the Swamp.
 15414 | Lair:3   | Reached skill level 1 in Earth Magic
 15623 | Lair:3   | Found a staircase to the Snake Pit.
 16153 | Lair:4   | Noticed a five-headed hydra
 16162 | Lair:4   | Killed a five-headed hydra
 16180 | Lair:4   | Reached XP level 13. HP: 66/72 MP: 22/33
 17068 | Lair:5   | Entered Level 5 of the Lair of Beasts
 17070 | Lair:5   | Reached skill level 5 in Fighting
 17211 | Lair:5   | Reached skill level 15 in Spellcasting
 17587 | Lair:5   | Reached skill level 5 in Earth Magic
 17633 | Lair:5   | Reached ***** piety under Vehumet
 17633 | Lair:5   | Offered knowledge of Lightning Bolt by Vehumet.
 17939 | Lair:5   | Found a staircase to the Slime Pits.
 17939 | Lair:5   | Found a viscous altar of Jiyva.
 18698 | Lair:5   | Reached skill level 16 in Spellcasting
 19114 | Lair:5   | Reached XP level 14. HP: 30/79 MP: 11/36
 19400 | Lair:5   | Learned a level 7 spell: Orb of Destruction
 19407 | Lair:5   | Learned a level 6 spell: Conjure Ball Lightning
 19594 | Orc:1    | Entered Level 1 of the Orcish Mines
 19838 | Orc:1    | Found a burning altar of Makhleb.
 19963 | Orc:2    | Entered Level 2 of the Orcish Mines
 20041 | Orc:2    | Reached skill level 1 in Air Magic
 20602 | Orc:2    | Offered knowledge of Lee's Rapid Deconstruction by Vehumet.
 21220 | Orc:2    | Reached skill level 17 in Spellcasting
 21227 | Orc:2    | Learned a level 5 spell: Lee's Rapid Deconstruction
 21361 | Orc:2    | Reached skill level 15 in Conjurations
 21958 | Orc:2    | Found a staircase to the Elven Halls.
 22057 | Orc:2    | Found Gaedad's Distillery.
 22057 | Orc:2    | Found Yveah's Jewellery Emporium.
 22058 | Orc:2    | Found Buipp's Jewellery Shoppe.
 22058 | Orc:2    | Found Nekina Qimap's Distillery.
 22067 | Orc:2    | Bought a potion of heal wounds for 85 gold pieces
 22834 | D:11     | Identified the +1 pair of gloves "Osicvoto" {rC- rN+++
                  | Int+6 Dex-5}
 23349 | D:11     | Offered knowledge of Eringya's Noxious Bog by Vehumet.
 23579 | D:11     | Identified the +6 glaive of the Throat {elec, +Blink}
 23649 | D:11     | Noticed Grum
 23652 | D:11     | Reached skill level 5 in Air Magic
 23654 | D:11     | Killed Grum
 23881 | D:11     | Identified the amulet "Donuje Cixah" {Spirit Int-2 Slay+4}
 23926 | D:11     | Noticed Harold
 23935 | D:11     | Killed Harold
 23936 | D:11     | Reached XP level 15. HP: 85/85 MP: 30/38
 24293 | D:11     | You fall into a shaft and drop 1 floor!
 24436 | D:11     | Found a glowing golden altar of the Shining One.
 24436 | D:11     | Found a snail-covered altar of Cheibriados.
 24438 | D:11     | Got Toqo's Guide on Poisoning and the Quarry
 24444 | D:11     | Found a shimmering altar of Xom.
 24444 | D:11     | Found an ancient bone altar of Kikubaaqudgha.
 24601 | D:12     | Noticed Nessos
 24614 | D:12     | HP: 4/85 [Nessos/arrow (8)]
 24615 | D:12     | Killed Nessos
 24615 | D:12     | Succumbed to Nessos's poison

Illustrated notes

Levels and vault maps discovered:
D:1:      lemuel_arrival_muddy, layout_basic,
          ebering_ecumenical_altar_petrified, serial_shops,
          nicolae_shop_advertising_works [nicolae_subvault_shop_adworks]
D:2:      layout_basic
D:3:      layout_loops_corners, beargit_hepliaklqana_dungeon_heroes,
          uniq_jessica, uniq_robin
D:4:      layout_basic, pf_just_have_faith, amcnicky_altar_gilded,
          kennysheep_flooded_box, minmay_bisected
D:5:      layout_basic, pdpol_wu_jian_five_deadly_venoms, uniq_eustachio,
          uniq_crazy_yiuf_cottage, uniq_duvessa
D:6:      minmay_octagon_keep, layout_layer_cave, mainiacjoe_overflow_chevrons,
          zin_scriptorium, minmay_temple_entry_mist
D:7:      nzn_winding_woodlands_small
          [nzn_winding_woodlands_5x15_river_crossing,
          nzn_winding_woodlands_center_triple_pond,
          nzn_winding_woodlands_5x15_longhouse], layout_basic, serial_shops,
          shop_fountains, nicolae_inconvenience_store
D:8:      layout_gridville
D:9:      layout_basic, nicolae_overflow_quartered_altars,
          grunt_lair_entry_orc_guard_hut, orc_0_dummy
D:10:     gammafunk_mikee_crab_dinner, layout_rooms
D:11:     minmay_the_grid_octo_tiled_squarecenter_mashed
          [minmay_the_grid_octo_chip, minmay_the_grid_octo_fan_narrow,
          minmay_the_grid_octo_concentric, minmay_the_grid_octo_shrine,
          minmay_the_grid_square_5x5_megaprize_open,
          minmay_the_grid_square_5x5_eight, minmay_the_grid_square_5x5_lines,
          minmay_the_grid_square_5x5_longway,
          minmay_the_grid_square_5x5_pentomino_r], layout_small_grid,
          grunt_ministairs_13, uniq_harold, uniq_grum
D:12:     layout_rooms, st_stairs_4, uniq_nessos
Temple:   hc_temple_tempest_star
Lair:1:   layout_cellular_growth, st_stairs_10, minivault_27
Lair:2:   gammafunk_boulding_lane, layout_gridlike, minivault_24,
          grunt_megastairs_4, serial_bayou_shore_a
Lair:3:   layout_regular_city, minmay_swamp_entry_wisps, dummy_snake_entry,
          nicolae_quartered_pool_super
Lair:4:   layout_cave_pods, infiniplex_staircase_pool_2
Lair:5:   grunt_lair_end_beastmaster, layout_cave_shapes,
          nicolae_slime_entry_slimehenge, grunt_megastairs_1
Orc:1:    layout_caves, basic_altar, nicolae_volcano_entry_lava_flow, rock_pile
Orc:2:    st_orc_ogre_mass, layout_caves, basic_altar

Skill      XL: |  1  2  3  4  5  6  7  8  9 10 11 12 13 14 |
---------------+-------------------------------------------+-----
Hexes          | 1 2 3 5 7 9 10 | 10.0
Translocations | 1 2 3 4 5 7 8 10 | 10.0
Evocations     | 1 2 |  2.0
Throwing       | 1 2 |  2.0
Dodging        | 3 4 6 |  6.0
Stealth        | 3 4 6 8 9 |  9.0
Spellcasting   | 4 5 6 7 9 11 12 14 16 17 | 17.6
Conjurations   | 5 6 7 8 10 11 12 14 15 | 15.5
Fighting       | 1 3 4 5 6 |  6.8
Earth Magic    | 2 6 9 |  9.4
Air Magic      | 5 |  5.4

Action                   |  1- 3 |  4- 6 |  7- 9 | 10-12 | 13-15 || total
-------------------------+-------+-------+-------+-------+-------++-------
Melee: Dagger            |    14 |    35 |    33 |       |       ||    82
       Short sword       |     2 |       |       |       |       ||     2
       Demon whip        |       |       |    11 |    11 |     6 ||    28
       Punch             |       |       |     1 |       |       ||     1
 Cast: Magic Dart        |    41 |    59 |    57 |    21 |     6 ||   184
       Searing Ray       |     3 |    14 |    32 |    19 |     6 ||    74
       Fulminant Prism   |       |       |    24 |   153 |    86 ||   263
       Iskenderun's Myst |       |       |     1 |    45 |    90 ||   136
       Iron Shot         |       |       |       |     3 |    52 ||    55
       Conjure Ball Ligh |       |       |       |       |    40 ||    40
       Orb of Destructio |       |       |       |       |    15 ||    15
       Lee's Rapid Decon |       |       |       |       |    14 ||    14
Evoke: Wand              |       |       |     1 |     8 |     3 ||    12
  Use: Scroll            |       |       |     7 |     9 |     9 ||    25
       Potion            |       |       |       |     2 |     1 ||     3
 Stab: Sleeping          |     2 |     1 |       |       |       ||     3
Armor: Robe              |     9 |     8 |    14 |       |       ||    31
       Steam dragon scal |       |       |     2 |    13 |    16 ||    31
Dodge: Dodged            |     8 |    26 |    56 |    57 |    75 ||   222
